 Dungeon Crawl Stone Soup version 0.22-a0-402-ga933591 (webtiles) character file.

6582 Ijustatesigmund the Cleaver (level 11, -8/120 HPs)
             Began as an Octopode Fighter on May 7, 2018.
             Was a Believer of the Shining One.
             Mangled by Snorg (18 damage)
             ... on level 10 of the Dungeon.
             The game lasted 00:19:50 (11312 turns).

Ijustatesigmund the Cleaver (Octopode Fighter)     Turns: 11312, Time: 00:19:51

Health: -8/120     AC:  2    Str: 20    XL:     11   Next: 1%
Magic:  16/16      EV: 18    Int: 10    God:    the Shining One [**....]
Gold:   400        SH: 13    Dex: 16    Spells: 10/10 levels left

rFire    + . .     SeeInvis .   a - +1 war axe
rCold    . . .     Gourm    .   b - +2 shield
rNeg     + . .     Faith    .   (helmet restricted)
rPois    .         Spirit   .   (no amulet)
rElec    .         Reflect  .   k - +2 ring of evasion
rCorr    .         Harm     .   w - ring of protection from magic
MR       +....                  (no ring)
Stlth    ..........             (no ring)
HPRegen  0.30/turn              (no ring)
MPRegen  0.15/turn              (no ring)
                                (no ring)
                                (no ring)

@: berserking (expiring), glowing, very quick
A: almost no armour, stealthy swim, amphibious, 8 rings, constrict 8, camouflage
1, agile 1, fire resistance 1, high mp 1, shaggy fur 1, weak 1, gelatinous body
1, evolution 1
a: Divine Shield, Renounce Religion


You were on level 10 of the Dungeon.
You worshipped the Shining One.
The Shining One was pleased with you.
You were not hungry.

You visited 2 branches of the dungeon, and saw 11 of its levels.

You collected 520 gold pieces.
You spent 120 gold pieces at shops.

Inventory:

Hand Weapons
 a - a +1 war axe (weapon)
 e - a +2 hunting sling of velocity
 s - a +2 hunting sling of flaming
 z - a +0 morningstar
Missiles
 t - 124 sling bullets
 A - 5 javelins (quivered)
Armour
 b - a +2 shield (worn)
Jewellery
 k - a +2 ring of evasion (left tentacle)
 w - a ring of protection from magic (right tentacle)
Wands
 q - a wand of disintegration (7)
Scrolls
 f - 4 scrolls of remove curse
 i - 2 scrolls of magic mapping
 j - 11 scrolls of teleportation
 n - 2 scrolls of fog
 y - 2 scrolls of identify
Potions
 c - a potion of ambrosia
 g - 2 potions of curing
 h - 2 potions of haste
 l - a potion of invisibility
 m - 2 potions of resistance
 o - a potion of magic {unknown}
 p - 3 potions of flight {unknown}
 r - a potion of brilliance {unknown}
 u - a potion of degeneration {unknown}
 x - a potion of heal wounds
Comestibles
 d - 14 rations
 B - 2 chunks of flesh


   Skills:
 + Level 9.4 Fighting
 + Level 9.8 Axes
 - Level 6.9 Dodging
 - Level 6.9 Shields
 + Level 4.9 Invocations


You had 10 spell levels left.
You didn't know any spells.

Dungeon Overview and Level Annotations

Branches:
Dungeon (10/15)            Temple (1/1) D:4
   Lair: D:8-11         Orc: D:9-12

Altars:
Ashenzari
Cheibriados
Dithmenos
Elyvilon
Fedhas
Gozag
Hepliaklqana
Kikubaaqudgha
Makhleb
Nemelex Xobeh
Okawaru
Qazlal
Ru
Sif Muna
Trog
Uskayaw
Vehumet
Wu Jian
Xom
Yredelemnul
Zin
The Shining One

Shops:
D:9 [(}*}   D:10 [

Annotations:
D:8 exclusion: oklob plant
D:10 Snorg


Innate Abilities, Weirdness & Mutations

You cannot wear most types of armour.
You are very stealthy in the water. (Stealth+)
You are amphibious.
You can wear up to eight rings at the same time.
You can use your tentacles to constrict eight enemies at once.
Your skin changes colour to match your surroundings (Stealth+).
Your rubbery body absorbs attacks. (AC +1, EV +1)
You are agile. (Dex +2)
Your flesh is heat resistant. (rF+)
You have an increased reservoir of magic. (+10% MP)
You are covered in fur. (AC +1)
You are weak. (Str -2)
You evolve.


Message History

Snorg is moderately wounded.
You block Snorg's attack. x2; Snorg closely misses you.
You slash Snorg! You squeeze Snorg.
Snorg is moderately wounded.
Your divine shield fades away.
You block Snorg's attack. x2; Snorg claws you!
* * * LOW HITPOINT WARNING * * *
Snorg barely misses you. Snorg claws you.
* * * LOW HITPOINT WARNING * * *
You block Snorg's attack.
You feel a strong urge to attack something.
There is a stone staircase leading down here.
You slash Snorg! You squeeze Snorg!
Snorg is moderately wounded.
Snorg closely misses you. You block Snorg's attack. Snorg claws you!
* * * LOW HITPOINT WARNING * * *
You slice Snorg!!
Snorg is heavily wounded.
Snorg bites you!!
You die...

....... ............#
##### ............#
#....
...........########....
..........##..((......
#........##)#####....
#........##)# #....
+........'..# #....
#...@....#### #....
#...T..).# #####
###'###### #..# ##.# .#
######+#######
#............#
#...........># #


You could see Snorg (berserk).

Vanquished Creatures
  A two-headed ogre (D:8)
  Urug (D:10)
  Joseph (D:7)
  A gargoyle (D:10)
  A troll (D:9)
  A hornet (D:9)
  2 hippogriffs
  A wyvern (D:10)
  A hungry ghost (D:7)
  A soldier ant (D:9)
  Duvessa (D:7)
  2 ice beasts
  3 sky beasts
  2 orc warriors
  A phantom (D:10)
  3 ogres
  3 centaurs
  A big kobold (D:7)
  2 bullfrogs
  A gnoll sergeant (D:10)
  Dowan (D:7)
  2 scorpions
  A wyvern skeleton (D:10)
  3 killer bees (D:7)
  2 water moccasin skeletons
  3 howler monkeys
  A centaur zombie (D:6)
  5 crimson imps
  5 hounds
  4 orc priests
  A bullfrog zombie (D:7)
  Crazy Yiuf (D:4)
  A jelly (D:9)
  A bullfrog skeleton (D:9)
  6 orc wizards
  Ijyb (D:4)
  3 iguanas
  Natasha (thrice) (D:4)
  8 worker ants
  A killer bee zombie (D:8)
  A hound skeleton (D:5)
  2 worker ant zombies
  7 gnolls
  7 adders
  A shadow imp (D:6)
  2 adder skeletons
  6 worms
  A dart slug (D:4)
  2 leopard geckos
  28 orcs
  5 giant cockroaches
  6 goblins
  11 hobgoblins
  4 jackals (D:3)
  5 quokkas
  A ball python (D:6)
  7 bats
  4 frilled lizards
  A giant cockroach zombie (D:6)
  12 kobolds
  A leopard gecko zombie (D:7)
  A quokka skeleton (D:6)
  7 rats
205 creatures vanquished.

Vanquished Creatures (others)
  21 toadstools (D:8)
21 creatures vanquished.

Grand Total: 226 creatures vanquished

Notes
Turn   | Place    | Note
-------+----------+-------------------------------------------
     0 | D:1      | Ijustatesigmund the Octopode Fighter began the quest for the Orb.
     0 | D:1      | Reached XP level 1. HP: 16/16 MP: 1/1
   293 | D:1      | Reached XP level 2. HP: 16/21 MP: 2/2
  1171 | D:2      | Reached XP level 3. HP: 25/26 MP: 3/3
  1384 | D:2      | Found a glowing silver altar of Zin.
  1388 | D:2      | Found an opulent altar of Gozag.
  1584 | D:2      | Gained mutation: You tend to lose your temper in combat. [potion of mutation]
  1584 | D:2      | Gained mutation: You are agile. (Dex +2) [potion of mutation]
  1584 | D:2      | Gained mutation: You are weak. (Str -2) [potion of mutation]
  1584 | D:2      | Gained mutation: You evolve. [potion of mutation]
  1797 | D:2      | Found a deep blue altar of Sif Muna.
  2183 | D:3      | Reached XP level 4. HP: 29/31 MP: 4/4
  2575 | D:3      | Gained mutation: You are covered in fur. (AC +1) [evolution]
  2900 | D:2      | Found a bloodstained altar of Trog.
  2900 | D:2      | Found a hide-covered altar of Uskayaw.
  3171 | D:4      | Noticed Natasha
  3177 | D:4      | Killed Natasha
  3177 | D:4      | Reached XP level 5. HP: 18/37 MP: 5/5
  3391 | D:4      | Reached skill level 5 in Axes
  3391 | D:4      | Reached XP level 6. HP: 35/44 MP: 6/6
  3673 | D:5      | Entered Level 5 of the Dungeon
  3818 | D:5      | Found a burning altar of Makhleb.
  3830 | D:5      | Reached skill level 5 in Fighting
  3880 | D:5      | Lost mutation: You tend to lose your temper in combat. [evolution]
  4316 | D:5      | Reached XP level 7. HP: 50/50 MP: 7/7
  5076 | D:6      | Found a sparkling altar of Nemelex Xobeh.
  5372 | D:6      | Reached XP level 8. HP: 55/57 MP: 8/8
  6165 | D:4      | Noticed Natasha
  6171 | D:4      | Killed Natasha
  6209 | D:4      | Noticed Ijyb
  6216 | D:4      | Killed Ijyb
  6405 | D:4      | Found a staircase to the Ecumenical Temple.
  6504 | D:4      | Noticed Natasha
  6516 | D:4      | Killed Natasha
  6772 | D:4      | Found a runed door.
  6776 | D:4      | Noticed Crazy Yiuf
  6784 | D:4      | Killed Crazy Yiuf
  7075 | Temple   | Entered the Ecumenical Temple
  7214 | Temple   | Became a worshipper of the Shining One
  7443 | D:7      | Noticed Joseph
  7453 | D:7      | Killed Joseph
  7453 | D:7      | Reached skill level 5 in Dodging
  7453 | D:7      | Reached skill level 5 in Shields
  7470 | D:7      | Reached XP level 9. HP: 42/63 MP: 9/9
  8150 | D:7      | Noticed Duvessa
  8157 | D:7      | Noticed Dowan
  8157 | D:7      | Killed Duvessa
  8162 | D:7      | Killed Dowan
  8499 | D:7      | Gained mutation: Your flesh is heat resistant. (rF+) [evolution]
  8900 | D:8      | Found a blossoming altar of Fedhas.
  9166 | D:8      | Reached * piety under the Shining One
  9196 | D:8      | Found a glowing golden altar of the Shining One.
  9199 | D:8      | Noticed a two-headed ogre
  9227 | D:8      | Killed a two-headed ogre
  9227 | D:8      | Reached XP level 10. HP: 35/72 MP: 10/10
  9707 | D:8      | Noticed an oklob plant
  9737 | D:9      | Found Emehi's Weapon Emporium.
  9756 | D:9      | Reached skill level 1 in Invocations
  9784 | D:9      | Found Usialer's Gadget Boutique.
  9946 | D:9      | Found Buovek's Gadget Shoppe.
  9972 | D:9      | Gained mutation: You have an increased reservoir of magic. (+10% MP) [evolution]
 10130 | D:9      | Reached ** piety under the Shining One
 10134 | D:9      | Found Kiroagosy's General Store.
 10143 | D:9      | Bought a scroll of enchant weapon for 120 gold pieces
 10266 | D:9      | Found Peutupt's Armour Shoppe.
 10452 | D:10     | Entered Level 10 of the Dungeon
 10740 | D:10     | Found Ekyzijeuwi's Armour Shoppe.
 10993 | D:10     | Noticed a gargoyle
 11019 | D:10     | Killed a gargoyle
 11130 | D:10     | Noticed Urug
 11141 | D:10     | Killed Urug
 11282 | D:10     | Reached XP level 11. HP: 80/80 MP: 13/16
 11301 | D:10     | Noticed Snorg
 11312 | D:10     | Mangled by Snorg

Vault maps used:
D:1:      shiori_shiawase
D:2:      nicolae_overflow_hidden_temple, lemuel_round_altar,
          grunt_decor_resistance
D:3:      kennysheep_decorative_pillar, hangedman_decor_clover_reticule
D:4:      minmay_temple_entry_nine_rooms, grunt_ministairs_14, uniq_ijyb,
          uniq_natasha, uniq_crazy_yiuf_cottage
D:5:      lightli_temple_of_fire, first_ration
D:6:      corexii_shack_village, nemelex_altar_shiori, serial_park_tiny_1
D:7:      uniq_joseph, uniq_duvessa
D:8:      tgw_fedhas, basic_altar
D:9:      serial_shops, shop, shop_statue, shop_statue, nicolae_shop_waterfront,
          nicolae_shop_temple_entry_statues_fountains, hangedman_pestilent_swarm
D:10:     serial_shops, nicolae_shop_stone, dk_noncrumbling_2, uniq_urug,
          uniq_snorg
Temple:   eino_narrow_crystal_temple

Skill      XL: |  1  2  3  4  5  6  7  8  9 10 |
---------------+-------------------------------+-----
Axes           | 3 4 5 6 7 8 9 |  9.8
Fighting       | 4 5 6 8 9 |  9.4
Dodging        | 5 6 |  6.9
Shields        | 5 6 |  6.9
Invocations    | 4 |  4.9

Action                   |  1- 3 |  4- 6 |  7- 9 | 10-12 || total
-------------------------+-------+-------+-------+-------++-------
Melee: War axe           |    76 |    74 |   258 |   157 ||   565
       Constrict         |    17 |    24 |    54 |    29 ||   124
       Tentacles         |     9 |    18 |    61 |    37 ||   125
 Fire: Hunting sling     |       |       |       |     4 ||     4
Invok: Divine Shield     |       |       |       |     3 ||     3
Evoke: Wand              |       |       |     4 |     1 ||     5
  Use: Scroll            |     8 |     3 |     1 |     2 ||    14
       Potion            |     3 |       |    11 |     1 ||    15
 Stab: Sleeping          |     9 |     4 |     6 |       ||    19
  Eat: Chunk             |     3 |     4 |     7 |     7 ||    21
       Ration            |       |     1 |     3 |       ||     4
Armor: Skin              |     8 |     2 |     7 |     3 ||    20
Dodge: Dodged            |    47 |    37 |   136 |    80 ||   300
Block: Shield            |    38 |    15 |   125 |   106 ||   284

Table legend:
 A = Spawn XP
 B = Non-spawn XP
 C = Spawn XP percentage of total XP
 D = Spawn monster count
 E = Non-spawn monster count
 F = Spawn count percentage of total count
 G = Total turns spent on level
                    A         B        C        D         E        F      G
               +---------+---------+-------+---------+---------+-------+---------
         Total |       0 |    9404 |   0.0 |       0 |     205 |   0.0 | 11312
               +---------+---------+-------+---------+---------+-------+---------
           D:1 |       0 |      23 |   0.0 |       0 |      17 |   0.0 |   746
           D:2 |       0 |      40 |   0.0 |       0 |      16 |   0.0 |  1206
           D:3 |       0 |      95 |   0.0 |       0 |      18 |   0.0 |  1201
           D:4 |       0 |     762 |   0.0 |       0 |      22 |   0.0 |  1547
           D:5 |       0 |     192 |   0.0 |       0 |      10 |   0.0 |   934
           D:6 |       0 |     659 |   0.0 |       0 |      35 |   0.0 |  1567
           D:7 |       0 |    1621 |   0.0 |       0 |      26 |   0.0 |  1573
           D:8 |       0 |    2023 |   0.0 |       0 |      20 |   0.0 |   760
           D:9 |       0 |    1505 |   0.0 |       0 |      18 |   0.0 |   889
          D:10 |       0 |    2484 |   0.0 |       0 |      23 |   0.0 |   694
               +---------+---------+-------+---------+---------+-------+---------
